Map: [ESL] Amphion

Players

MaxPax - Winner!

  • Race: Protoss Protoss
  • Spawn Location: 7:00

Bly

  • Race: Zerg Zerg
  • Spawn Location: 11:00

Event: ESL SC2 Masters 2024 Spring (Regional)

VOD

Have the link to the VOD?

Description

Time

  • Played on: April 12, 2024, 2:04 p.m.
  • Length: 5:27

All games in this series

Show
View Real Time Build Order
Export as new Build Order

MaxPax Protoss - Winner!

Build Orders: Oracle Opening 

Get SALT Encoding   

  12  0:00  Probe  
  13  0:12  Probe  
  14  0:21  Pylon  
  14  0:24  Probe  
  15  0:39  Probe (Chrono Boost)  
  15  0:42  Gateway  
  16  0:48  Assimilator, Probe (Chrono Boost)  
  17  0:53  Probe (Chrono Boost)  
  18  1:05  Probe  
  19  1:17  Probe  
  20  1:27  Pylon  
  20  1:29  Zealot (Chrono Boost), Cybernetics Core, Probe  
  23  1:45  Probe  
  25  2:05  Adept (Chrono Boost)  
  26  2:16  Nexus  
  26  2:20  Probe  
  27  2:25  Assimilator  
  27  2:31  Adept  
  27  2:34  Probe  
  30  2:46  Pylon, Probe  
  31  3:02  Stargate  
  31  3:04  Probe  
  32  3:07  Adept  
  34  3:16  Warp Gate, Probe  
  35  3:28  Probe  
  35  3:30  Probe  
  37  3:40  Probe  
  38  3:43  Probe  
  38  3:48  Oracle (Chrono Boost), Adept  
  41  3:52  Probe  
  45  3:56  Probe  
  45  4:00  Twilight Council  
  44  4:12  Probe  
  44  4:15  Probe  
  46  4:20  Oracle (Chrono Boost)  
  49  4:24  Probe  
  49  4:26  Pylon  
  49  4:27  Gateway  
  49  4:29  Gateway  
  50  4:32  Gateway  
  50  4:33  Probe  
  50  4:36  Stalker, Probe  
  55  4:45  Probe  
  55  4:48  Probe  
Show
View Real Time Build Order
Export as new Build Order

Bly Zerg 

Build Orders: 3 Hatch before Pool 

Get SALT Encoding   

  12  0:00  Drone  
  13  0:12  Overlord  
  13  0:18  Drone  
  14  0:31  Drone x2  
  16  0:51  Hatchery  
  16  0:56  Drone  
  16  1:18  Hatchery  
  15  1:21  Drone  
  16  1:26  Drone  
  16  1:30  Drone  
  18  1:36  Extractor  
  17  1:46  Spawning Pool  
  16  1:50  Drone  
  17  1:55  Evolution Chamber  
  17  1:56  Drone x2  
  20  2:17  Hatchery  
  19  2:24  Drone x3  
  22  2:34  Queen  
  22  2:36  Zergling x4  
  26  2:46  Metabolic Boost  
  25  2:59  Zergling x6  
  25  3:01  Overlord  
  28  3:08  Overlord  
  28  3:21  Queen  
  28  3:22  Drone x2  
  31  3:30  Evolution Chamber  
  31  3:32  Spore Crawler  
  28  3:40  Drone x2  
  25  3:52  Drone  
  25  3:57  Drone x3  
  28  4:09  Drone x4  
  30  4:16  Spore Crawler  
  27  4:21  Zergling x4  
  28  4:28  Zergling x4  
  28  4:39  Drone x4  
  31  4:45  Drone  
Tags
 
Add a new tag
Caveats
  • Supply blocks, unpowered buildings, or Contaminate may cause inaccurate times.
  • Supply counts are checked every 10 seconds.